 Dungeon Crawl Stone Soup version 0.23-a0-644-gb60d84b (webtiles) character file.

148 Amnesiac the Ducker (level 5, -1/28 HPs)
             Began as a Spriggan Berserker on Jan 1, 2019.
             Was a Priest of Trog.
             Killed from afar by an orc wizard (8 damage)
             ... with a magic dart
             ... on level 3 of the Dungeon.
             The game lasted 00:03:02 (1900 turns).

Amnesiac the Ducker (Spriggan Berserker)            Turns: 1900, Time: 00:03:03

Health: -1/28      AC:  2    Str: 14    XL:     5   Next: 8%
Magic:  6/6        EV: 20    Int:  9    God:    Trog [***...]
Gold:   117        SH:  5    Dex: 15    Spells: 4/4 levels left

rFire    . . .     SeeInvis +   a - +0 falchion
rCold    . . .     Gourm    .   p - +0 buckler
rNeg     . . .     Faith    .   b - +0 animal skin
rPois    .         Spirit   .   (helmet restricted)
rElec    .         Reflect  .   (no cloak)
rCorr    .         Harm     .   (gloves unavailable)
MR       .....                  (boots unavailable)
Stlth    +.........             (no amulet)
HPRegen  0.09/turn              (no ring)
MPRegen  0.10/turn              (no ring)

@: berserk cooldown, slowed, quick
A: very small, unfitting armour, see invisible, herbivore, speed 3, slow
metabolism 2
a: Berserk, Trog's Hand, Renounce Religion


You were on level 3 of the Dungeon.
You worshipped Trog.
Trog was most pleased with you.
You were very full.

You visited 1 branch of the dungeon, and saw 3 of its levels.

You collected 117 gold pieces.

Inventory:

Hand Weapons
 a - a +0 falchion (weapon)
 q - a +1 dagger of speed
Missiles
 o - 32 poisoned needles
 s - 6 tomahawks (quivered)
Armour
 b - a +0 animal skin (worn)
 p - a +0 buckler (worn)
Jewellery
 k - an uncursed ring of stealth {unknown}
Wands
 m - a wand of random effects (13)
Scrolls
 c - a scroll of immolation {!r, unknown}
 d - 3 scrolls of teleportation {!r, unknown}
 f - a scroll of random uselessness {!r, unknown}
 h - 2 scrolls of identify {!r, unknown}
 i - a scroll of magic mapping {!r, unknown}
 l - a scroll of amnesia {!r, unknown}
Potions
 e - 2 potions of curing {!q, unknown}
 g - 2 potions of brilliance {!q, unknown}
 j - 2 potions of might {!q, unknown}
 n - a potion of heal wounds {!q, unknown}
 r - a potion of lignification {!q, unknown}


   Skills:
 - Level 3.0 Fighting
 * Level 3.9 Long Blades
 + Level 5.7 Dodging


You had 4 spell levels left.
You didn't know any spells.
Your spell library was empty.

Dungeon Overview and Level Annotations

Branches:
Dungeon (3/15)

Altars:
The Shining One


Innate Abilities, Weirdness & Mutations

You are very small and have problems with some larger weapons.
You are too small for most types of armour.
You have supernaturally acute eyesight. (SInv)
You are a herbivore.
You cover ground extremely quickly.
You need to consume almost no food.


Message History

You hit the dart slug.
You kill the dart slug!
Trog accepts your kill. The orc hits you.
A red film seems to cover your vision as you go berserk!
You feel yourself moving faster!
You feel mighty! The orc wizard casts a spell at you.
The puff of flame misses you.
The orc wizard casts a spell.
The orc wizard blinks!
The orc misses you.
You slash the orc wizard!
The orc wizard is severely wounded.
The orc wizard completely misses you. The orc hits you.
* * * LOW HITPOINT WARNING * * *
You hit the orc wizard.
You kill the orc wizard!
Trog accepts your kill.
Trog appreciates your killing of a magic user.
You have reached level 5!
You feel clever.
You slash the kobold!
You kill the kobold!
Trog accepts your kill. The orc completely misses you.
You slash the orc!
The orc is almost dead.
The orc wizard casts a spell at you. The magic dart hits you!
* * * LOW HITPOINT WARNING * * *
The orc hits you.
* * * LOW HITPOINT WARNING * * *
You slash the orc!
You kill the orc!
Trog accepts your kill. The dart slug launches a dart at you.
The slug dart misses you.
Items here: )) [ † a +0 dagger x2; a +0 robe; a kobold corpse You slash the dart slug!
You kill the dart slug!
Trog accepts your kill.
You slash the orc wizard!
The orc wizard is almost dead.
The orc wizard completely misses you.
You closely miss the orc wizard.
The orc wizard is almost dead.
The orc wizard gestures at you while chanting.
You easily resist.
You closely miss the orc wizard.
The orc wizard is almost dead.
The orc wizard casts a spell at you.
You feel yourself slow down.
You barely miss the orc wizard.
The orc wizard is severely wounded.
The orc wizard hits you with a +0 dagger.
* * * LOW HITPOINT WARNING * * *
You closely miss the orc wizard.
The orc wizard is severely wounded.
You are no longer berserk.
You are exhausted.
You feel as though you will be slow longer.
The orc wizard gestures at you while chanting.
The magic dart hits you!
You die...

######## #<..#.. # ##
#.#... .# ...#
#....###.### ...
....#.....#
###.####.......... #.
##.....##..#.......
#..#.......#..#......#
..#.......#)@o.......
......_.....###......
#.......#.# #......
#.......#(##.......
##.....##...o.K....
..####.####...o......
#................### #
#.#..............##
#....###.........#####
####


You could see an orc wizard.

Vanquished Creatures
  An orc wizard (D:3)
  3 adders
  2 oozes
  A worm (D:2)
  8 dart slugs
  3 orcs (D:3)
  3 ball pythons (D:1)
  3 giant cockroaches
  6 goblins
  10 hobgoblins
  A quokka (D:2)
  4 bats
  A frilled lizard (D:1)
  10 kobolds
  9 rats
65 creatures vanquished.

Notes
Turn   | Place    | Note
-------+----------+-------------------------------------------
     0 | D:1      | Amnesiac the Spriggan Berserker began the quest for the
                  | Orb.
     0 | D:1      | Reached XP level 1. HP: 11/11 MP: 2/2
   153 | D:1      | Reached XP level 2. HP: 10/16 MP: 3/3
   446 | D:1      | Reached XP level 3. HP: 15/19 MP: 4/4
   579 | D:1      | Reached ** piety under Trog
   927 | D:1      | Reached skill level 5 in Dodging
  1348 | D:2      | Reached XP level 4. HP: 16/23 MP: 5/5
  1866 | D:3      | Found a glowing golden altar of the Shining One.
  1886 | D:3      | Reached *** piety under Trog
  1889 | D:3      | Reached XP level 5. HP: 21/28 MP: 6/6
  1900 | D:3      | Killed from afar by an orc wizard

Vault maps used:
D:1:      eino_arrival_cavern_a, serial_curves, eino_curves_04, eino_curves_04,
          eino_curves_03, eino_curves_03, minmay_shallow_snake_nest
D:3:      old_standard_altar, lemuel_blue_sif_altar, grunt_gozag_breadcrumbs,
          chequers_ecumenical_altar_island, first_ration, chequers_jeans,
          uniq_grinder, uniq_sigmund, uniq_jessica, uniq_terence

Skill      XL: |  1  2  3  4 |
---------------+-------------+-----
Long Blades    | 3 |  3.9
Dodging        | 5 |  5.7
Fighting       | 3 |  3.0

Action                   |  1- 3 |  4- 6 || total
-------------------------+-------+-------++-------
Melee: Falchion          |   122 |    59 ||   181
Invok: Berserk           |     1 |     2 ||     3
 Stab: Sleeping          |     1 |     2 ||     3
  Eat: Ration            |       |     5 ||     5
Armor: Animal skin       |     9 |     4 ||    13
Dodge: Dodged            |    90 |    53 ||   143
Block: Buckler           |       |    17 ||    17
       Rpst.: Falchion   |    22 |    16 ||    38

Table legend:
 A = Non-vault XP
 B = Vault XP
 C = Vault XP percentage of total XP
 D = Non-vault monster count
 E = Vault monster count
 F = Vault count percentage of total count
                 A         B        C        D         E       F
            +---------+---------+-------+---------+---------+-------
      Total |     206 |       6 |   2.8 |      62 |       3 |   4.6
            +---------+---------+-------+---------+---------+-------
        D:1 |      64 |       6 |   8.6 |      31 |       3 |   8.8
        D:2 |      65 |       0 |   0.0 |      19 |       0 |   0.0
        D:3 |      77 |       0 |   0.0 |      12 |       0 |   0.0
            +---------+---------+-------+---------+---------+-------
